 Dungeon Crawl Stone Soup version 0.20.1-1-g8b1a95d (webtiles) character file.

3683 letownia2 the Reanimator (level 9, 0/76 HPs)
             Began as a Deep Dwarf Necromancer on Nov 5, 2017.
             Was an Initiate of Gozag.
             Killed from afar by a hell hound (6 damage)
             ... with a blast of flame
             ... on level 8 of the Dungeon.
             The game lasted 00:24:46 (7684 turns).

letownia2 the Reanimator (Deep Dwarf Necromancer)   Turns: 7684, Time: 00:24:47

Health: 0/76       AC:  7    Str: 10 (13) XL:     9   Next: 90%
Magic:  4/21       EV:  9    Int: 16 (18) God:    Gozag
Gold:   828        SH:  0    Dex: 11 (13) Spells: 17/25 levels left

rFire    + . .     SeeInvis .   w - +0 war axe (freeze)
rCold    x . .     Gourm    .   (no shield)
rNeg     + . .     Faith    .   i - +1 scale mail
rPois    .         Spirit   .   (no helmet)
rElec    .         Reflect  .   (no cloak)
rCorr    .         Harm     .   (no gloves)
MR       +....                  (no boots)
Stlth    +.........             (no amulet)
Regen    0.0/turn               D - ring of positive energy
MPRegen  0.2/turn               s - ring of fire

@: non-regenerating
A: damage resistance, heal wounds, sense surroundings 2, no regeneration
a: Heal Wounds, Potion Petition, Call Merchant, Bribe Branch, Renounce Religion


You were on level 8 of the Dungeon.
You worshipped Gozag.
Gozag was pleased with you.
You were not hungry.

You visited 2 branches of the dungeon, and saw 9 of its levels.

You collected 931 gold pieces.
You paid 103 gold pieces to Gozag.

Inventory:

Hand Weapons
 b - a +3 morningstar of freezing
 t - a +0 war axe
 u - a +0 flail of protection
 w - a +0 war axe of freezing (weapon)
 H - a +1 dagger of electrocution
Missiles
 B - 47 sling bullets
Armour
 d - a +0 leather armour
 i - a +1 scale mail (worn)
 j - a +0 ring mail
Magical Staves
 a - an uncursed staff of death
 C - an uncursed staff of wizardry
Jewellery
 s - a ring of fire (right hand)
 D - a ring of positive energy (left hand)
Wands
 o - a wand of digging (14/24)
 L - a wand of flame (19/48)
 O - a wand of paralysis (2/24)
Scrolls
 c - a scroll of enchant weapon {unknown}
 e - 4 scrolls of enchant armour
 f - 2 scrolls of fog {unknown}
 h - 4 scrolls of identify
 l - 2 scrolls of magic mapping {unknown}
 p - 3 scrolls of remove curse
 x - 6 scrolls of teleportation {unknown}
 y - a scroll of noise {unknown}
 z - a scroll of amnesia {unknown}
 G - 2 scrolls of recharging {unknown}
 M - 2 scrolls of immolation {unknown}
 N - a scroll of random uselessness {unknown}
Potions
 g - 2 potions of invisibility {unknown}
 k - a potion of brilliance {unknown}
 n - 3 potions of haste {unknown}
 q - 3 potions of degeneration
 r - a potion of lignification {unknown}
 v - a potion of curing {unknown}
 E - a potion of resistance {unknown}
 F - 3 potions of heal wounds {unknown}
 I - a potion of berserk rage {unknown}
 J - a potion of mutation {unknown}
 K - a potion of ambrosia {unknown}
 P - a potion of might {unknown}
Comestibles
 m - 5 meat rations
 A - 24 fruits
 Q - a bread ration


   Skills:
 - Level 3.5 Fighting
 - Level 3.0 Armour
 - Level 2.1 Dodging
 - Level 2.4 Stealth
 + Level 8.5 Spellcasting
 - Level 1.7 Conjurations
 - Level 9.3 Necromancy
 - Level 1.9 Fire Magic
 + Level 4.1 Evocations


You had 17 spell levels left.
You knew the following spells:

 Your Spells              Type           Power        Failure   Level  Hunger
a - Pain                  Necr           ####         1%          1    None
c - Conjure Flame         Conj/Fire      ###.....     67%         3    #......
d - Flame Tongue          Conj/Fire      ###..        30%         1    None
v - Vampiric Draining     Necr           #####.....   4%          3    #......


Dungeon Overview and Level Annotations

Branches:
Dungeon (8/15)             Temple (1/1) D:7
   Lair: D:8-11

Altars:
Ashenzari
Cheibriados
Dithmenos
Elyvilon
Gozag
Nemelex Xobeh
Qazlal
Sif Muna
Trog
Uskayaw
Xom

Shops:
D:5 [   D:7 ?


Innate Abilities, Weirdness & Mutations

You are resistant to damage.
You can heal yourself by infusing magical energy.
You passively map the area around you.
You do not regenerate.


Message History

You hit the hell hound. You freeze the hell hound.
The hell hound is moderately wounded.
The hell hound bites you. x2
* * * LOW HITPOINT WARNING * * *
The hell hound closely misses you.
Unknown command.
You slash the hell hound! You freeze the hell hound!
The hell hound is almost dead.
The hell hound bites you.
* * * LOW HITPOINT WARNING * * *
The hell hound bites you but does no damage.
Unknown command.
It was a potion of degeneration.
There was something very wrong with that liquid.
You feel weakened.
You feel dopey.
You feel clumsy. The hell hound breathes flames at you.
The blast of flame hits the hell hound.
The hell hound completely resists.
The blast of flame hits you! You resist.
You die...
Your body crumbles into a pile of gold.

### ##@# ##h###
###.h..## *
#.......###### , ,
#........$#..# *
##.....$.#$.### ,**
#......##....#######
##.......$.........##
*
####................


You could see 2 hell hounds.

Vanquished Creatures
  A hornet (D:8)
  Prince Ribbit (D:5)
  Grinder (D:6)
  Sigmund (D:4)
  The ghost of masayah the Ruffian, an amateur DrTm (D:3)
  Edmund (D:5)
  A water moccasin (D:8)
  An ice beast (D:6)
  2 orc warriors (D:8)
  2 ogres
  3 centaurs
  A big kobold (D:8)
  Blork the orc (D:5)
  5 bullfrogs
  A scorpion (D:6)
  6 killer bees
  7 wights
  4 howler monkeys (D:8)
  A crimson imp (D:7)
  A bullfrog zombie (D:5)
  A jelly (D:6)
  2 orc priests (D:8)
  A hound (D:4)
  7 orc wizards
  2 worker ants (D:4)
  A hound zombie (D:6)
  A hound skeleton (D:4)
  A worker ant zombie (D:5)
  A howler monkey skeleton (D:4)
  8 adders
  4 gnolls
  A shadow imp (D:5)
  An ooze (D:3)
  2 worms (D:3)
  5 leopard geckos
  19 orcs
  9 giant cockroaches
  6 goblins
  7 hobgoblins
  5 jackals (D:3)
  6 quokkas
  3 bats
  5 frilled lizards
  6 kobolds
  10 rats
156 creatures vanquished.

Notes
Turn   | Place    | Note
-------+----------+-------------------------------------------
     0 | D:1      | letownia2 the Deep Dwarf Necromancer began the quest for the Orb.
     0 | D:1      | Reached XP level 1. HP: 15/15 MP: 3/3
   326 | D:2      | Reached XP level 2. HP: 22/22 MP: 3/5
   479 | D:1      | Reached skill level 5 in Necromancy
   505 | D:2      | Reached XP level 3. HP: 25/28 MP: 2/6
   510 | D:2      | Learned a level 3 spell: Vampiric Draining
   659 | D:3      | Noticed masayah's ghost (amateur DrTm)
  1173 | D:4      | Noticed an ogre
  1178 | D:4      | Killed an ogre
  1178 | D:4      | Reached skill level 6 in Necromancy
  1178 | D:4      | Reached XP level 4. HP: 31/36 MP: 2/7
  1178 | D:4      | Reached XP level 5. HP: 36/42 MP: 2/8
  1259 | D:4      | Noticed a dagger
  1261 | D:4      | Noticed a hand axe
  1262 | D:4      | Found a hide-covered altar of Uskayaw.
  1319 | D:4      | Reached skill level 1 in Armour
  1570 | D:4      | Noticed Sigmund
  1663 | D:4      | Killed Sigmund
  1663 | D:4      | Reached XP level 6. HP: 40/49 MP: 2/10
  1774 | D:5      | Entered Level 5 of the Dungeon
  1774 | D:5      | Noticed Edmund
  1774 | D:5      | Noticed Prince Ribbit
  1782 | D:4      | Reached skill level 7 in Necromancy
  1917 | D:5      | Reached XP level 7. HP: 30/55 MP: 7/11
  1952 | D:5      | Killed Edmund
  1952 | D:5      | Reached skill level 8 in Necromancy
  2148 | D:5      | Learned a level 3 spell: Conjure Flame
  2307 | D:5      | Noticed Blork the orc
  2320 | D:5      | Killed Blork the orc
  2320 | D:5      | Reached skill level 9 in Necromancy
  2337 | D:5      | Reached skill level 1 in Fighting
  2420 | D:5      | Found Haaj's Armour Boutique.
  2426 | D:5      | Reached XP level 8. HP: 16/64 MP: 6/13
  2531 | D:5      | Found a snail-covered altar of Cheibriados.
  2531 | D:5      | Found a stormy altar of Qazlal.
  2531 | D:5      | Found a white marble altar of Elyvilon.
  2533 | D:5      | Found a shattered altar of Ashenzari.
  2577 | D:5      | Killed Prince Ribbit
  2720 | D:5      | HP: 3/69 [killer bee (4)]
  2875 | D:5      | HP: 1/69 [bullfrog zombie (2)]
  2906 | D:6      | Found a sparkling altar of Nemelex Xobeh.
  2907 | D:6      | Found an opulent altar of Gozag.
  2912 | D:6      | Became a worshipper of Gozag Ym Sagoz the Greedy
  3620 | D:3      | Reached skill level 5 in Spellcasting
  3718 | D:3      | Killed masayah's ghost
  4226 | D:2      | Found a bloodstained altar of Trog.
  5348 | D:6      | Found a deep blue altar of Sif Muna.
  5738 | D:6      | Noticed Grinder
  5740 | D:6      | Paralysed by Grinder for 6 turns
  5767 | D:6      | Killed Grinder
  5767 | D:6      | Gained mutation: You passively map the area around you. [Deep Dwarf growth]
  5767 | D:6      | Reached XP level 9. HP: 57/76 MP: 18/18
  6116 | D:6      | Learned a level 1 spell: Flame Tongue
  6124 | D:7      | Found a shadowy altar of Dithmenos.
  6141 | D:7      | Found a shimmering altar of Xom.
  6169 | D:7      | Found Uteatrym's Magic Scroll Shop.
  6180 | D:7      | Found a staircase to the Ecumenical Temple.
  6309 | D:6      | Reached skill level 1 in Fire Magic
  6475 | D:6      | Reached skill level 1 in Conjurations
  6643 | D:7      | Reached skill level 1 in Evocations
  6673 | Temple   | Entered the Ecumenical Temple
  7028 | D:8      | Paralysed by a hornet for 3 turns
  7030 | D:8      | HP: 1/76 [hornet (5)]
  7684 | D:8      | Killed from afar by a hell hound

Skill      XL: |  1  2  3  4  5  6  7  8  9 |
---------------+----------------------------+-----
Spellcasting   | 2 3 6 8 |  8.5
Necromancy     | 5 6 7 9 |  9.3
Armour         | 3 |  3.0
Fighting       | 1 3 |  3.5
Fire Magic     | 1 |  1.9
Conjurations   | 1 |  1.7
Evocations     | 4 |  4.1
Dodging        | |  2.1
Stealth        | |  2.4

Action                   |  1- 3 |  4- 6 |  7- 9 || total
-------------------------+-------+-------+-------++-------
Melee: Dagger            |     6 |    64 |   220 ||   290
       Morningstar       |       |       |    12 ||    12
       War axe           |       |       |     3 ||     3
Throw: Javelin           |       |       |    13 ||    13
 Cast: Pain              |    39 |    17 |    76 ||   132
       Vampiric Draining |     2 |     8 |   104 ||   114
Evoke: Wand              |       |       |    12 ||    12
  Use: Scroll            |       |       |     4 ||     4
       Potion            |       |       |     1 ||     1
 Stab: Paralysed         |       |       |    10 ||    10
  Eat: Chunk             |     2 |     1 |     8 ||    11
       Bread ration      |       |       |     3 ||     3
       Royal jelly       |       |       |     2 ||     2
Armor: Leather armour    |     3 |       |       ||     3
       Ring mail         |     6 |    18 |    17 ||    41
       Scale mail        |       |       |    94 ||    94
Dodge: Dodged            |     7 |    35 |   147 ||   189
